 Dungeon Crawl Stone Soup version 0.29-a0-1065-g47a6bb87d6 (webtiles) character file.

Game seed: 14418398350191957034

61 Sabo the Gusty (level 3, 0/26 HPs)
             Began as a Demigod Air Elementalist on Aug 18, 2022.
             Slain by an adder (3 damage)
             ... on level 3 of the Dungeon.
             The game lasted 00:12:24 (3512 turns).

Sabo the Gusty (Demigod Air Elementalist)           Turns: 3512, Time: 00:12:26

Health: 0/26       AC:  2    Str:  9    XL:     3   Next: 58%
Magic:  6/9        EV: 12    Int: 21    God:
Gold:   137        SH:  0    Dex: 14    Spells: 5/6 levels left

rFire   . . .      SeeInvis .   e - +0 hand axe
rCold   . . .      Faith    .   (no shield)
rNeg    + . .      Spirit   .   a - +0 robe
rPois   .          Reflect  .   (no helmet)
rElec   .          Harm     .   (no cloak)
rCorr   .          Rampage  .   (no gloves)
Will    .....                   (no boots)
Stlth   ++........              (no amulet)
HPRegen 0.08/turn               n - ring of positive energy
MPRegen 0.11/turn               (no ring)

@: lethally poisoned (0 -> -6)
A: high MP 1, forlorn, divine attributes
a: no special abilities


You were on level 3 of the Dungeon.
You visited 1 branch of the dungeon, and saw 3 of its levels.

You collected 137 gold pieces.

Inventory:

Hand Weapons
 e - a +0 hand axe (weapon)
Missiles
 c - 5 datura-tipped darts
Armour
 a - a +0 robe (worn)
Magical Staves
 f - a staff of death
Jewellery
 n - a ring of positive energy (left hand)
 o - a ring of see invisible
Scrolls
 d - a scroll of brand weapon
 g - a scroll of enchant weapon
 j - 3 scrolls of teleportation
 k - a scroll of fear
 m - a scroll of silence
 q - a scroll of blinking {unknown}
 r - a scroll of immolation {unknown}
Potions
 b - a potion of magic
 h - 2 potions of ambrosia {unknown}
 i - a potion of mutation {unknown}
 l - a potion of attraction {unknown}
 p - a potion of curing {unknown}


   Skills:
 + Level 0.1 Fighting
 + Level 2.0 Dodging
 + Level 2.0 Stealth
 + Level 2.4 Spellcasting
 + Level 1.5 Conjurations
 + Level 3.3 Air Magic


You had 5 spell levels left.
You knew the following spells:

 Your Spells              Type           Power      Damage    Failure   Level
a - Shock                 Conj/Air       48%        1d6       5%          1

Your spell library contained the following spells:

 Spells                   Type           Power      Damage    Failure   Level
 Static Discharge         Conj/Air       12%        3-5/arc   8%          2
 Swiftness                Air            16%        N/A       11%         3
 Airstrike                Air            8%         2d(2-18)  34%         4


Dungeon Overview and Level Annotations

Branches:
Dungeon (3/15)


Innate Abilities, Weirdness & Mutations

You have an increased reservoir of magic. (+10% MP)
You shall have no god before yourself.
Your divine heritage dramatically boosts your attributes as you level up.


Message History

The adder bites you. The adder closely misses you.
You hit the adder but do no damage.
The adder is moderately wounded.
The adder completely misses you.
You closely miss the adder.
The adder is moderately wounded.
The adder bites you but does no damage. The adder bites you.
You are poisoned.
The adder poisons you!
Your magical contamination has completely faded away.
You closely miss the adder.
The adder is moderately wounded.
You feel sick. The adder bites you but does no damage.
The adder barely misses you.
You closely miss the adder.
The adder is moderately wounded.
You feel sick. The adder closely misses you. The adder misses you.
You barely miss the adder.
The adder is moderately wounded.
You feel sick.
You are no longer poisoned.
The adder barely misses you.
You hit the adder but do no damage.
The adder is moderately wounded.
The adder barely misses you. x2
You hit the adder.
The adder is heavily wounded.
The adder barely misses you. The adder bites you.
You are poisoned.
The adder poisons you!
You hit the adder.
The adder is severely wounded.
You feel sick. The adder closely misses you.
You barely miss the adder.
The adder is severely wounded.
You feel sick. The adder bites you.
* * * LOW HITPOINT WARNING * * *
You are lethally poisoned!
The adder poisons you! The adder bites you.
You die...

####..# ##
#########....##
# #.........####
# #.........# .
#.........# .
#...........# #.
#.........#....
#.
##.#############
#.@# #..S.....#
#.._..._..
#.........
#._..⌠....
#.........
##....._.#
#..._...#


You could see an adder.

Vanquished Creatures
  An adder (D:2)
  5 endoplasms
  3 giant cockroaches
  6 goblins
  3 hobgoblins (D:1)
  3 jackals (D:3)
  2 kobolds
  3 quokkas
  4 ball pythons
  7 bats
  3 frilled lizards
  9 rats
49 creatures vanquished.

Notes
Turn   | Place    | Note
-------+----------+-------------------------------------------
     0 | D:1      | Sabo the Demigod Air Elementalist began the quest for the
                  | Orb.
     0 | D:1      | Reached XP level 1. HP: 14/14 MP: 5/5
   431 | D:1      | Reached skill level 3 in Air Magic
   651 | D:1      | Reached XP level 2. HP: 15/20 MP: 7/7
   773 | D:1      | Reached skill level 1 in Conjurations
  2075 | D:2      | Reached XP level 3. HP: 25/26 MP: 6/9
  3512 | D:3      | Slain by an adder

Illustrated notes

Levels and vault maps discovered:
D:1:      onia_arrival_handbag, layout_basic, chequers_ecumenical_altar_island
D:2:      layout_basic
D:3:      layout_rooms, nicolae_hepliaklqana_monster_ancestors,
          grunt_temple_overflow_open, uniq_ijyb, uniq_robin

Skill      XL: |  1  2  3 |
---------------+----------+-----
Air Magic      | 3 |  3.3
Spellcasting   | 2 |  2.4
Conjurations   | 1 |  1.5
Stealth        | 2 |  2.0
Dodging        | 2 |  2.0
Fighting       | |  0.1

Action                   || total
-------------------------++-------
Melee: Hand axe          ||    52
       Unarmed           ||     2
       Punch             ||     1
 Cast: Shock             ||    78
  Use: Scroll            ||     5
 Stab: Sleeping          ||     1
Armor: Robe              ||    17
Dodge: Dodged            ||    41

Table legend: (Time is in decaauts)
 A = Elapsed time spent in this place.
 B = Non-inter-level travel time spent in this place.
 C = Inter-level travel time spent in this place.
 D = Time resting spent in this place.
 E = Time spent auto-exploring this place.
 F = Levels seen in this place.
 G = Mean time per level.
                   A        B        C        D        E       F      G
               +--------+--------+--------+--------+--------+-----+--------+
         Total |   3532 |   3532 |      0 |   1844 |      0 |   3 | 1177.3 |
       Dungeon |   3532 |   3532 |      0 |   1844 |      0 |   3 | 1177.3 |
               +--------+--------+--------+--------+--------+-----+--------+

Top non-repeatable levels by time:
     D:2: 1682 daAuts
     D:1: 1625 daAuts
     D:3: 224 daAuts
